 Dungeon Crawl Stone Soup version 0.22-a0-417-g1387785 (webtiles) character file.

353 Kairos the Twirler (level 6, -1/47 HPs)
             Began as a Demonspawn Gladiator on May 14, 2018.
             Slain by a gnoll
             ... wielding a +0 club
              (7 damage)
             ... on level 4 of the Dungeon.
             The game lasted 00:03:54 (2710 turns).

Kairos the Twirler (Demonspawn Gladiator)           Turns: 2710, Time: 00:03:55

Health: -1/47      AC:  8    Str: 18    XL:     6   Next: 35%
Magic:  15/15      EV: 11    Int: 10    God:
Gold:   256        SH:  0    Dex: 14    Spells: 5/5 levels left

rFire    . . .     SeeInvis .   a - +1 quarterstaff
rCold    + . .     Gourm    .   (shield currently unavailable)
rNeg     . . .     Faith    .   e - +0 scale mail
rPois    .         Spirit   .   c - +0 helmet
rElec    .         Reflect  .   l - +0 cloak
rCorr    .         Harm     .   (no gloves)
MR       .....                  (no boots)
Stlth    +.........             (no amulet)
HPRegen  0.15/turn              i - +2 ring of strength
MPRegen  0.14/turn              r - ring of magical power

@: no status effects
A: hooves 1, cold resistance 1, nightstalker 1
a: no special abilities


You were on level 4 of the Dungeon.
You were very hungry.

You visited 1 branch of the dungeon, and saw 4 of its levels.

You collected 256 gold pieces.

Inventory:

Hand Weapons
 a - a +1 quarterstaff (weapon)
Missiles
 d - 3 throwing nets (quivered)
Armour
 b - a +0 leather armour
 c - a +0 helmet (worn)
 e - a +0 scale mail (worn)
 g - a +0 ring mail
 l - a +0 cloak (worn)
Magical Staves
 t - an uncursed staff of wizardry {unknown}
Jewellery
 i - a +2 ring of strength (left hand)
 r - a ring of magical power (right hand)
Wands
 n - a wand of flame (24)
 u - a wand of enslavement (3)
Scrolls
 j - 2 scrolls of immolation
 m - 2 scrolls of blinking
 s - a scroll of enchant armour {unknown}
 v - a scroll of identify
 w - 3 scrolls of teleportation {unknown}
Potions
 h - a potion of brilliance {unknown}
 k - 2 potions of mutation {unknown}
 o - 3 potions of heal wounds {unknown}
 p - a potion of agility {unknown}
 q - a potion of curing {unknown}
 x - 2 potions of resistance {unknown}
Comestibles
 f - 9 rations


   Skills:
 + Level 3.1 Fighting
 + Level 4.8 Staves
 + Level 1.9 Throwing
 + Level 2.2 Armour
 + Level 3.5 Dodging
 + Level 1.0 Stealth


You had 5 spell levels left.
You didn't know any spells.
Your spell library was empty.

Dungeon Overview and Level Annotations

Branches:
Dungeon (4/15)
 Temple: D:4-7

Altars:
Dithmenos
Qazlal
Xom


Innate Abilities, Weirdness & Mutations

You have large cloven feet.
Your flesh is cold resistant. (rC+)
You are slightly more attuned to the shadows.


Message History

You are too injured to fight recklessly!
You are too injured to fight recklessly!
You are too injured to fight recklessly!
You are too injured to fight recklessly!
You are too injured to fight recklessly!
You sock the gnoll!
The gnoll is severely wounded.
The gnoll hits you with a flail!
* * * LOW HITPOINT WARNING * * *
You hit the gnoll but do no damage. Your kick misses the gnoll.
The gnoll is severely wounded.
The gnoll completely misses you.
You sock the gnoll!
You kill the gnoll!
Your scale mail prevents you from hitting the gnoll.
You kick the gnoll, but do no damage. The gnoll hits you with a club.
* * * LOW HITPOINT WARNING * * *
Your scale mail prevents you from hitting the gnoll.
You kick the gnoll, but do no damage. The gnoll hits you with a club!
You die...

......#.............####........#
....>....#.)....###.######...#..
..>........#.................#
.... ....#.......######..##.....
..............# ##.........
#.....##..#.... ##........
.####.##..##...###.# ........
...........##...##.# ....<...
............#@...... ......
............g##..... #####.
........)..#?.......
.................#.$
.$.....$...##.#.....
..........)...##...
..........##...#... .........##
.#..... ########## ...#


You could see a gnoll.

Vanquished Creatures
  An orc priest (D:3)
  A bullfrog skeleton (D:2)
  3 hounds
  2 worker ants (D:4)
  Robin (D:2)
  4 gnolls
  5 adders
  An ooze (D:2)
  A worm (D:2)
  2 orcs (D:3)
  6 bats
  12 goblins
  7 hobgoblins
  2 quokkas (D:3)
  A ball python (D:2)
  8 frilled lizards
  6 kobolds
  A leopard gecko skeleton (D:4)
  2 rats
66 creatures vanquished.

Notes
Turn   | Place    | Note
-------+----------+-------------------------------------------
     0 | D:1      | Kairos the Demonspawn Gladiator began the quest for the Orb.
     0 | D:1      | Reached XP level 1. HP: 16/16 MP: 1/1
   320 | D:1      | Gained mutation: You are slightly more attuned to the shadows. [demonic ancestry]
   320 | D:1      | Reached XP level 2. HP: 22/22 MP: 2/2
   595 | D:1      | Reached skill level 3 in Staves
   835 | D:2      | Gained mutation: You have large cloven feet. [demonic ancestry]
   835 | D:2      | Reached XP level 3. HP: 19/27 MP: 3/3
   849 | D:2      | Noticed Robin
   892 | D:2      | Killed Robin
  1445 | D:2      | Reached skill level 1 in Armour
  1445 | D:2      | Gained mutation: Your flesh is cold resistant. (rC+) [demonic ancestry]
  1445 | D:2      | Reached XP level 4. HP: 26/34 MP: 4/4
  1798 | D:2      | Found a shadowy altar of Dithmenos.
  1938 | D:3      | Found a stormy altar of Qazlal.
  1948 | D:3      | Found a shimmering altar of Xom.
  2011 | D:3      | Reached XP level 5. HP: 39/39 MP: 5/5
  2159 | D:3      | Reached skill level 4 in Staves
  2638 | D:4      | Reached XP level 6. HP: 42/46 MP: 6/6
  2668 | D:4      | Reached skill level 1 in Stealth
  2710 | D:4      | Slain by a gnoll

Vault maps used:
D:1:      erik_arrival_cave_to_civilisation, kennysheep_another_room,
          st_stairs_12
D:2:      nicolae_dithmenos_through_a_glass_darkly, uniq_robin
D:3:      minitemple, first_ration, cheibrodos_gnoll_hut
D:4:      eino_small_chamber_without_monster

Skill      XL: |  1  2  3  4  5  6 |
---------------+-------------------+-----
Staves         | 3 4 |  4.8
Dodging        | 3 |  3.5
Armour         | 1 2 |  2.2
Fighting       | 3 |  3.1
Stealth        | 1 |  1.0
Throwing       | |  1.9

Action                   |  1- 3 |  4- 6 || total
-------------------------+-------+-------++-------
Melee: Quarterstaff      |   110 |    87 ||   197
       Kick              |    11 |    26 ||    37
  Use: Scroll            |       |     4 ||     4
 Stab: Sleeping          |     3 |     1 ||     4
  Eat: Ration            |       |     1 ||     1
       Chunk             |       |     1 ||     1
Armor: Ring mail         |    35 |       ||    35
       Scale mail        |       |    31 ||    31
Dodge: Dodged            |    67 |    38 ||   105

Table legend:
 A = Spawn XP
 B = Non-spawn XP
 C = Spawn XP percentage of total XP
 D = Spawn monster count
 E = Non-spawn monster count
 F = Spawn count percentage of total count
 G = Total turns spent on level
                    A         B        C        D         E        F      G
               +---------+---------+-------+---------+---------+-------+---------
         Total |       0 |     505 |   0.0 |       0 |      66 |   0.0 |  2710
               +---------+---------+-------+---------+---------+-------+---------
           D:1 |       0 |      22 |   0.0 |       0 |      16 |   0.0 |   775
           D:2 |       0 |     124 |   0.0 |       0 |      22 |   0.0 |  1064
           D:3 |       0 |     207 |   0.0 |       0 |      21 |   0.0 |   727
           D:4 |       0 |     152 |   0.0 |       0 |       7 |   0.0 |   144
               +---------+---------+-------+---------+---------+-------+---------
